 Dungeon Crawl Stone Soup version 0.30-a0-883-g5ad918d77d (webtiles) character file.

Game seed: 1819041072997128788

57304 browni3141 the Martial Artist (level 14, -4/99 HPs)
             Began as a Demonspawn Fire Elementalist on Mar 18, 2023.
             Was the Champion of Dithmenos.
             Slain by a sixfirhy (10 damage)
             ... summoned by an orc high priest
             ... while paralysed by an orc sorcerer
             ... on level 2 of the Orcish Mines.
             The game lasted 01:04:56 (24898 turns).

browni3141 the Martial Artist (DsFE)               Turns: 24898, Time: 01:04:57

Health: -4/99      AC: 11    Str: 16    XL:     14   Next: 45%
Magic:  11/22      EV:  2    Int: 29    God:    Dithmenos [******]
Gold:   1245       SH:  0    Dex: 15    Spells: 1/23 levels left

rFire   + . .      SeeInvis .      - Unarmed
rCold   x . .      Faith    .    I - +2 kite shield
rNeg    + . .      Spirit   .    P - +0 troll leather armour
rPois   .          Reflect  .    f - +2 helmet
rElec   .          Rampage  .    C - +0 cloak
rCorr   .                        (gloves unavailable)
Will    +....                    F - +2 pair of boots
Stlth   +++++++++                R - amulet of magic regeneration
HPRegen 1.16/turn                E - ring "Immiroh" {Fire rN+ Int+4 Stlth+}
MPRegen 0.58/turn                r - ring "Tefyiwke" {Str+6 Dex+2 Stlth+}

@: paralysed, lethally poisoned (-4 -> -8), wreathed by umbra
A: claws 3, spiny 1, big brain 2, condensation shield
a: Renounce Religion, Shadow Step, Shadow Form


You were on level 2 of the Orcish Mines.
You worshipped Dithmenos.
Dithmenos was exalted by your worship.
You visited 4 branches of the dungeon, and saw 20 of its levels.

You collected 1664 gold pieces.
You spent 419 gold pieces at shops.

Inventory:

Hand Weapons
 b - a +3 spear of venom
Missiles
 G - a throwing net
Armour
 a - a +0 robe
 f - a +2 helmet (worn)
 C - a +0 cloak (worn)
 F - a +2 pair of boots (worn)
 H - +0 steam dragon scales
 I - a +2 kite shield (worn)
 P - a +0 troll leather armour (worn)
Jewellery
 r - the ring "Tefyiwke" (right claw) {Str+6 Dex+2 Stlth+}
   (You found it on level 4 of the Dungeon)

   [ring of strength]

   Str:       It affects your strength (+6).
   Dex:       It affects your dexterity (+2).
   Stlth:     It makes you more stealthy.
 A - a ring of poison resistance
 E - the ring "Immiroh" (left claw) {Fire rN+ Int+4 Stlth+}
   (You acquired it on level 8 of the Dungeon)

   [ring of fire]

   It enhances your fire magic.
   Int:       It affects your intelligence (+4).
   rF:        It protects you from fire.
   rC:        It makes you vulnerable to cold.
   rN:        It protects you from negative energy.
   Stlth:     It makes you more stealthy.
 O - an amulet of the acrobat
 R - an amulet of magic regeneration (around neck)
 T - a ring of wizardry
Wands
 o - a wand of flame (62)
 J - a wand of quicksilver (6)
 Q - a wand of charming (9)
 V - a wand of polymorph (7)
Scrolls
 j - 2 scrolls of noise
 q - 2 scrolls of silence
 s - a scroll of butterflies
 v - 8 scrolls of teleportation
 w - a scroll of blinking
 x - 5 scrolls of vulnerability
 y - 2 scrolls of amnesia
 z - 3 scrolls of immolation
 B - 4 scrolls of enchant weapon
 D - 4 scrolls of brand weapon
 L - 4 scrolls of poison
 M - 2 scrolls of magic mapping
 N - a scroll of fog
 U - a scroll of enchant armour
Potions
 c - 9 potions of curing
 d - a potion of heal wounds
 e - 3 potions of flight
 g - 3 potions of resistance
 h - 3 potions of lignification
 i - a potion of berserk rage
 k - 6 potions of mutation
 l - 5 potions of might
 m - 3 potions of brilliance
 n - 6 potions of haste
 p - 5 potions of degeneration {unknown}
 t - 2 potions of ambrosia {unknown}
 u - 3 potions of attraction {unknown}
 K - 4 potions of magic


   Skills:
 * Level 5.9 Fighting
 - Level 3.0 Polearms
 * Level 2.6 Armour
 - Level 2.0 Dodging
 - Level 6.0 Stealth
 * Level 8.5 Shields
 * Level 12.6 Unarmed Combat
 + Level 5.3 Spellcasting
 + Level 8.3 Conjurations
 - Level 2.0 Hexes
 - Level 2.0 Translocations
 * Level 12.3 Fire Magic
 - Level 2.0 Air Magic
 - Level 5.0 Invocations
 - Level 3.0 Evocations


You had one spell level left.
You knew the following spells:

 Your Spells              Type           Power      Damage    Failure   Level
a - Foxfire               Conj/Fire      100%       2x1d9     1%          1
b - Scorch                Fire           100%       2d10      1%          2
c - Inner Flame           Hex/Fire       65%        N/A       2%          3
d - Kindle Blastsparks    Fire/Tloc/Air  100%       2d18      5%          3
e - Flame Wave            Conj/Fire      79%        2d17      2%          4
f - Sticky Flame          Conj/Fire      79%        2d9       2%          4
g - Fireball              Conj/Fire      39%        3d16      7%          5

Your spell library contained the following spells:

 Spells                   Type           Power      Damage    Failure   Level
 Blink                    Tloc           38%        N/A       12%         2
 Tukima's Dance           Hex            19%        N/A       22%         3
 Starburst                Conj/Fire      39%        6d11      36%         6
 Manifold Assault         Tloc           19%        N/A       58%         4
 Passage of Golubria      Tloc           19%        N/A       58%         4
 Summon Lightning Spire   Summ/Air       13%        N/A       75%         4
 Summon Forest            Summ/Tloc      6%         N/A       97%         5
 Yara's Violent Unravell  Hex/Tmut       6%         3d5       97%         5
 Eringya's Noxious Bog    Tmut/Pois      3%         N/A       100%        6
 Storm Form               Tmut/Air       6%         N/A       100%        7
 Summon Hydra             Summ           3%         N/A       100%        7
 Maxwell's Capacitive Co  Air            9%         ∞         100%        8


Dungeon Overview and Level Annotations

Branches:
Dungeon (12/15)            Temple (1/1) D:6            Lair (5/5) D:11
  Swamp (0/4) Lair:2       Spider (0/4) Lair:2        Slime (0/5) Lair:4
    Orc (2/2) D:12
    Elf: Orc:2

Altars:
Ashenzari
Cheibriados
Dithmenos
Fedhas
Gozag
Hepliaklqana
Kikubaaqudgha
Makhleb
Nemelex Xobeh
Okawaru
Qazlal
Ru
Sif Muna
Trog
Uskayaw
Vehumet
Wu Jian
Xom
Yredelemnul

Shops:
D:7 *   D:8 !(*   Orc:2 *

Annotations:
D:11 exclusions: cyclops and deep elf pyromancer
D:12 exclusion: 2 doors
Lair:2 exclusion: 2 downstairs
Lair:4 exclusion: downstairs
Lair:5 exclusion: 3 doors


Innate Abilities, Weirdness & Mutations

You have claws for hands.
You are partially covered in sharp spines.
You have an extremely huge brain. (Int +4)
A meltable shield of frost defends you. (SH +4)


Message History

Your icy envelope is restored.
The foxfire hits the sixfirhy.
The sixfirhy is moderately wounded.
The foxfire hits the sixfirhy.
The sixfirhy is moderately wounded.
The orc high priest utters an invocation to Beogh.
The foxfire hits the sixfirhy!
The sixfirhy is heavily wounded.
You closely miss the sixfirhy.
The sixfirhy is heavily wounded.
Your shadow hits the sixfirhy.
The foxfire hits the sixfirhy.
The sixfirhy is severely wounded.
You block the sixfirhy's attack. The sixfirhy is struck by your spines.
The sixfirhy hits you! The sixfirhy shocks you!
The orc sorcerer casts a spell at you.
You suddenly lose the ability to move!
The sixfirhy hits you! The sixfirhy shocks you!
The sixfirhy is struck by your spines. The sixfirhy hits you.
The sixfirhy shocks you!
The sixfirhy hits you but does no damage.
The orc sorcerer gestures wildly while chanting.
The hellwing swoops through the air toward you!
The hellwing hits you. x2
The orc high priest starts to sing a prayer.
The chaos spawn hits you!
* * * LOW HITPOINT WARNING * * *
You are poisoned.
The chaos spawn poisons you!
You feel very sick. The hellwing is struck by your spines.
The hellwing hits you!
* * * LOW HITPOINT WARNING * * *
The hellwing hits you but does no damage.
The sun demon is struck by your spines.
The sun demon hits you but does no damage.
The chaos spawn is struck by your spines.
The chaos spawn gores you but does no damage.
The sixfirhy hits you.
* * * LOW HITPOINT WARNING * * *
The sixfirhy shocks you!
You die...

#......### #........## #
..#.........###
..........).....#
##..............# ## #
.......#..#..)..###.##.#
......#.###...).........
.....#######...3)4...#$#
.......##.##.)o3@.....#
........#......4o#.#.##
.^.......)....#.....##
#........)...§...#.##
##.......)..§.#.####
#............###
##.......#####
##........ ..........$


You could see an orc high priest, a sun demon (summoned), a hellwing (summoned),
a sixfirhy (summoned), a chaos spawn (summoned) and an orc sorcerer.

Vanquished Creatures
  A dire elephant (Lair:5)
  Josephine (Orc:2)
  An ettin (Orc:1)
  4 hydras
  2 catoblepae
  2 boulder beetles
  A two-headed ogre (D:12)
  4 death yaks (Lair:1)
  3 orc high priests
  2 necromancers (D:11)
  Pikel (D:7)
  The ghost of bigduke15 the Thaumaturge, a novice DEFE of Vehumet (D:8)
  2 deep elf pyromancers (D:12)
  3 orc knights
  An ugly thing (D:12)
  2 manticores (D:12)
  4 cyclopes
  3 orc sorcerers
  Maurice (D:8)
  Joseph (D:10)
  7 elephants
  4 black mambas
  12 cane toads
  Maggie (D:8)
  2 kobold demonologists (D:12)
  A yaktaur (D:12)
  2 rime drakes
  7 komodo dragons
  2 unseen horrors
  A polar bear (Lair:3)
  3 trolls
  Prince Ribbit (D:7)
  8 blink frogs
  7 dream sheep (Lair:3)
  5 slime creatures
  Sigmund (D:3)
  4 basilisks
  A shadow (D:12)
  5 wraiths
  46 yaks
  3 wyverns
  6 vampire mosquitoes
  A spectral cane toad (Lair:5)
  7 hell hounds (D:11)
  2 wargs (Orc:1)
  An acid dragon (D:6)
  2 swamp worms (Lair:1)
  11 water moccasins
  27 orc warriors
  3 black bears
  A sky beast (D:6)
  19 wolves
  2 ogres
  9 centaurs
  4 lemures (D:7)
  A phantom (D:6)
  Blork the orc (D:5)
  A gnoll sergeant (D:8)
  3 kobold brigands
  15 bullfrogs
  2 scorpions
  17 wights
  4 killer bees (D:9)
  4 electric eels
  3 howler monkeys
  3 jellies
  13 orc priests
  5 hounds
  An iguana (D:6)
  A sleepcap (D:7)
  10 orc wizards
  5 hell rats (Lair:4)
  12 gnolls
  8 adders
  A shadow imp (D:6)
  2 white imps (D:7)
  3 ufetubi
  A worm (D:2)
  2 dart slugs
  53 orcs
  8 endoplasms
  8 giant cockroaches
  14 goblins
  6 hobgoblins
  6 jackals
  4 quokkas
  8 ball pythons
  12 bats
  3 frilled lizards
  15 kobolds
  7 rats
520 creatures vanquished.

Vanquished Creatures (collateral kills)
  A boulder beetle (D:12)
  3 foxfires (Lair:2)
4 creatures vanquished.

Vanquished Creatures (others)
  A cane toad (Lair:4)
  A vampire mosquito (D:12)
  An acid dragon (D:12)
  An orc wizard (Orc:1)
  An orc (Orc:1)
  A bush (Lair:5)
  712 foxfires
  36 fungi
  31 plants
  14 withered plants
799 creatures vanquished.

Grand Total: 1323 creatures vanquished

Notes
Turn   | Place    | Note
-------+----------+-------------------------------------------
     0 | D:1      | browni3141 the Demonspawn Fire Elementalist began the quest
                  | for the Orb.
     0 | D:1      | Reached XP level 1. HP: 13/13 MP: 3/3
   196 | D:1      | Reached skill level 1 in Polearms
   255 | D:1      | Gained mutation: A meltable shield of frost defends you.
                  | (SH +4) [demonic ancestry]
   255 | D:1      | Reached XP level 2. HP: 20/20 MP: 5/5
   269 | D:1      | Reached skill level 1 in Fighting
   668 | D:1      | Reached XP level 3. HP: 26/26 MP: 2/6
  1273 | D:2      | Reached XP level 4. HP: 32/32 MP: 7/7
  1646 | D:3      | Noticed a black bear
  1652 | D:3      | Killed a black bear
  1653 | D:3      | Gained mutation: You have an unusually large brain. (Int
                  | +2) [demonic ancestry]
  1653 | D:3      | Reached XP level 5. HP: 31/37 MP: 4/8
  1656 | D:3      | Learned a level 2 spell: Scorch
  2057 | D:3      | Noticed Sigmund
  2072 | D:3      | Killed Sigmund
  2073 | D:3      | Reached skill level 5 in Fire Magic
  2073 | D:3      | Gained mutation: You have sharp fingernails. [demonic
                  | ancestry]
  2073 | D:3      | Reached XP level 6. HP: 30/44 MP: 1/9
  2280 | D:3      | Found an iron altar of Okawaru.
  2620 | D:4      | Identified the ring "Tefyiwke" {Str+6 Dex+2 Stlth+}
  3074 | D:5      | Entered Level 5 of the Dungeon
  3086 | D:4      | Reached skill level 1 in Evocations
  3086 | D:4      | Gained mutation: You have very sharp fingernails. [demonic
                  | ancestry]
  3086 | D:4      | Reached XP level 7. HP: 37/50 MP: 2/10
  3090 | D:4      | Learned a level 3 spell: Inner Flame
  3094 | D:4      | Learned a level 3 spell: Kindle Blastsparks
  3365 | D:4      | Reached skill level 1 in Hexes
  3517 | D:5      | Reached skill level 1 in Translocations
  3533 | D:5      | Reached skill level 1 in Air Magic
  3903 | D:5      | Noticed Blork the orc
  3911 | D:5      | Killed Blork the orc
  4870 | D:6      | Noticed a cyclops
  4992 | D:6      | Found a staircase to the Ecumenical Temple.
  5006 | Temple   | Entered the Ecumenical Temple
  5258 | Temple   | Became a worshipper of Dithmenos the Shadowed
  5332 | D:6      | Reached XP level 8. HP: 53/56 MP: 11/11
  5855 | D:7      | Found Zetz's Lightly-Used Armoury.
  5862 | D:7      | Noticed Prince Ribbit
  5867 | D:7      | Reached skill level 1 in Invocations
  5877 | D:7      | Killed Prince Ribbit
  6223 | D:7      | Reached skill level 5 in Invocations
  6802 | D:7      | Noticed Pikel
  6822 | D:7      | Killed Pikel
  6823 | D:7      | Reached XP level 9. HP: 17/61 MP: 0/13
  6828 | D:7      | Learned a level 4 spell: Flame Wave
  7559 | D:8      | Found Yddei's Distillery.
  7564 | D:8      | Reached * piety under Dithmenos
  7565 | D:8      | Reached skill level 5 in Conjurations
  8096 | D:7      | Found Zetz's Lightly-Used Armoury.
  8780 | D:7      | Found Zetz's Lightly-Used Armoury.
  9394 | D:8      | Bought a potion of haste for 160 gold pieces
  9394 | D:8      | Bought a potion of might for 64 gold pieces
  9394 | D:8      | Bought a potion of brilliance for 64 gold pieces
  9394 | D:8      | Bought a potion of curing for 48 gold pieces
  9482 | D:8      | Noticed Maurice
  9492 | D:8      | Killed Maurice
  9493 | D:8      | Reached skill level 5 in Fighting
  9578 | D:8      | Found Loptafet's Weapon Emporium.
  9585 | D:8      | Bought a throwing net for 39 gold pieces
  9624 | D:8      | Found a bloodstained altar of Trog.
  9626 | D:8      | Found an opulent altar of Gozag.
  9638 | D:8      | Found a radiant altar of Vehumet.
  9641 | D:8      | Found a broken altar of Ashenzari.
  9641 | D:8      | Found a burning altar of Makhleb.
  9641 | D:8      | Noticed Maggie
  9654 | D:8      | Killed Maggie
  9954 | D:8      | Gained mutation: You have claws for hands. [demonic
                  | ancestry]
  9954 | D:8      | Reached XP level 10. HP: 74/74 MP: 9/14
 10032 | D:8      | Found a runed translucent door.
 10033 | D:8      | Noticed bigduke15's ghost (novice DEFE)
 10057 | D:8      | Found Hagrukk's Assorted Antiques.
 10062 | D:8      | Bought a scroll of identify for 44 gold pieces
 10208 | D:9      | Reached skill level 1 in Unarmed Combat
 10578 | D:9      | Reached skill level 5 in Stealth
 10733 | D:9      | Reached ** piety under Dithmenos
 10828 | D:9      | Reached skill level 1 in Shields
 11302 | D:10     | Entered Level 10 of the Dungeon
 11410 | D:10     | Found a blossoming altar of Fedhas.
 11479 | D:10     | Noticed Joseph
 11487 | D:10     | Killed Joseph
 11820 | D:10     | Identified a scroll of acquirement
 12318 | D:11     | Noticed a cyclops
 12343 | D:11     | Reached skill level 5 in Unarmed Combat
 12581 | D:11     | Found a staircase to the Lair.
 12734 | D:11     | Noticed a cyclops
 12752 | D:11     | Noticed a four-headed hydra
 12776 | D:11     | Gained mutation: You are partially covered in sharp spines.
                  | [demonic ancestry]
 12776 | D:11     | Reached XP level 11. HP: 79/79 MP: 10/15
 13544 | D:11     | Reached skill level 5 in Shields
 13724 | D:11     | Noticed a hell knight
 13725 | D:11     | Noticed a necromancer
 13731 | D:11     | Killed a necromancer
 13734 | D:11     | Noticed a hell knight
 13746 | D:11     | Noticed a hell knight
 13911 | D:8      | Acquired the ring "Immiroh" {Fire rN+ Int+4 Stlth+}
 13987 | Lair:1   | Entered Level 1 of the Lair of Beasts
 14457 | Lair:1   | Noticed a death yak
 14468 | Lair:1   | Noticed a death yak
 14527 | Lair:1   | Reached *** piety under Dithmenos
 15021 | Lair:1   | Noticed a death yak
 15896 | Lair:2   | Found a hole to the Spider Nest.
 16089 | Lair:2   | Reached XP level 12. HP: 86/86 MP: 11/16
 16278 | Lair:2   | Noticed a boulder beetle
 16301 | Lair:2   | Killed a boulder beetle
 16520 | Lair:2   | Found a staircase to the Swamp.
 16965 | Lair:3   | Reached **** piety under Dithmenos
 17379 | Lair:3   | Reached skill level 10 in Fire Magic
 17892 | Lair:4   | Learned a level 4 spell: Sticky Flame
 18093 | Lair:4   | Noticed a five-headed hydra
 18100 | Lair:4   | Killed a five-headed hydra
 18231 | Lair:4   | Found a staircase to the Slime Pits.
 18543 | Lair:4   | Reached ***** piety under Dithmenos
 19181 | Lair:5   | Entered Level 5 of the Lair of Beasts
 19181 | Lair:5   | Noticed a catoblepas
 19185 | Lair:5   | Noticed a five-headed hydra
 19596 | Lair:3   | Gained mutation: You have an extremely huge brain. (Int +4)
                  | [demonic ancestry]
 19596 | Lair:3   | Reached XP level 13. HP: 89/91 MP: 18/18
 19604 | Lair:4   | Reached skill level 10 in Unarmed Combat
 20497 | Lair:5   | Found a sparkling altar of Nemelex Xobeh.
 20633 | Lair:5   | Noticed a dire elephant
 20633 | Lair:5   | Noticed a dire elephant
 20634 | Lair:5   | Noticed a dire elephant
 20634 | Lair:5   | Noticed a dire elephant
 20634 | Lair:5   | Noticed a dire elephant
 20647 | Lair:5   | Killed a dire elephant
 21185 | Lair:1   | Reached skill level 5 in Spellcasting
 21354 | Lair:1   | Identified the +3 quarterstaff of Sudden Death {vamp, rN+
                  | Str+4}
 22006 | D:8      | Killed bigduke15's ghost
 22240 | D:11     | Noticed a frost giant
 22563 | D:12     | Learned a level 5 spell: Fireball
 22679 | D:12     | Found a staircase to the Orcish Mines.
 23017 | D:12     | HP: 2/91 [boulder beetle (19)]
 23043 | D:12     | Reached XP level 14. HP: 46/98 MP: 1/21
 23560 | D:12     | Reached skill level 1 in Armour
 23795 | Orc:1    | Entered Level 1 of the Orcish Mines
 24175 | Orc:1    | Reached ****** piety under Dithmenos
 24460 | Orc:2    | Entered Level 2 of the Orcish Mines
 24680 | Orc:2    | Noticed Josephine
 24688 | Orc:2    | Killed Josephine
 24766 | Orc:2    | Found Jusies's General Store.
 24857 | Orc:2    | Paralysed by an orc sorcerer for 5 turns
 24895 | Orc:2    | Paralysed by an orc sorcerer for 4 turns
 24898 | Orc:2    | Slain by a sixfirhy

Illustrated notes

Levels and vault maps discovered:
D:1:      minmay_arrival_five_plusses, layout_basic, minivault_5,
          minmay_worlds_worst_comb
D:2:      layout_rooms, chequers_serial_rivers_small_3, corexii_hall_statues_s
D:3:      layout_loops_ring, tso_oasis_becter, kennysheep_okawaru_gauntlet,
          nicolae_elevator_lobby_asterisk, uniq_sigmund
D:4:      layout_cave_pools
D:5:      layout_basic, chequers_serial_rivers_large_b, uniq_blork_the_orc
D:6:      nicolae_BIG_FREAKIN_CUBE, layout_gridville, minmay_three_doors
D:7:      layout_basic, minmay_shop_damaged, uniq_pikel, uniq_prince_ribbit1
D:8:      layout_rooms, grunt_temple_overflow_open, gammafunk_ghost_grave,
          serial_shops, nicolae_stop_n_shop_2, shop,
          nicolae_shop_bloodbath_and_beyond, uniq_maurice, uniq_maggie
D:9:      layout_stronghold
D:10:     layout_rooms, fedhas_ov_isle_minmay, uniq_joseph
D:11:     minmay_tile_spiral, layout_basic, erik_lair_island,
          minmay_rotating_lava
D:12:     layout_basic, minmay_orc_entry_temple_small, hangedman_corner_corridor
Temple:   dpeg_chambers_temple
Lair:1:   layout_long_grid, serial_bayou_pond_e, worms_lemuel
Lair:2:   layout_regular_city, swamp_mist, dummy_spider_entry,
          serial_bayou_lagoon_b, grunt_megastairs_3
Lair:3:   layout_chaotic_city
Lair:4:   layout_hall_layers, minmay_slime_entry_pillars, serial_bayou_pond_b,
          chequers_serial_rivers_large_a
Lair:5:   due_jungle_book, layout_misc_corridors, basic_altar,
          grunt_megastairs_5, serial_bayou_shore_b
Orc:1:    layout_caves, basic_altar, roderic_batcave
Orc:2:    grunt_orc_gardens, layout_diamond_mine, grunt_orc_garden,
          grunt_orc_garden, grunt_orc_garden, grunt_orc_garden, uniq_josephine

Skill      XL: |  1  2  3  4  5  6  7  8  9 10 11 12 13 14 |
---------------+-------------------------------------------+-----
Polearms       | 1 2 3 |  3.0
Fighting       | 1 2 5 |  5.9
Fire Magic     | 3 4 5 6 8 9 10 12 | 12.3
Evocations     | 1 2 3 |  3.0
Hexes          | 2 |  2.0
Translocations | 2 |  2.0
Air Magic      | 1 2 |  2.0
Conjurations   | 2 4 6 7 8 |  8.3
Spellcasting   | 3 5 |  5.3
Dodging        | 2 |  2.0
Stealth        | 2 4 6 |  6.0
Invocations    | 5 |  5.0
Unarmed Combat | 5 7 9 12 | 12.6
Shields        | 4 7 8 |  8.5
Armour         | 2 |  2.6

Action                     |  1- 3 |  4- 6 |  7- 9 | 10-12 | 13-15 || total
---------------------------+-------+-------+-------+-------+-------++-------
  Melee: Spear             |    53 |   104 |   159 |   120 |    11 ||   447
         Punch             |       |     1 |     3 |    13 |       ||    17
         Unarmed           |       |       |       |   209 |   253 ||   462
   Cast: Foxfire           |    44 |    16 |    72 |   183 |    88 ||   403
         Scorch            |       |     7 |    28 |    35 |    22 ||    92
         Inner Flame       |       |       |     7 |     6 |    18 ||    31
         Kindle Blastspark |       |       |     4 |     1 |     7 ||    12
         Flame Wave        |       |       |     5 |    20 |    25 ||    50
         Sticky Flame      |       |       |       |     1 |     7 ||     8
         Fireball          |       |       |       |       |    14 ||    14
 Invoke: Shadow Step       |       |       |       |       |     1 ||     1
  Evoke: Wand              |       |       |    14 |     9 |     8 ||    31
    Use: Scroll            |     6 |       |     7 |    11 |     4 ||    28
         Potion            |       |       |     1 |     2 |     4 ||     7
   Stab: Sleeping          |     7 |    10 |     3 |    12 |     6 ||    38
         Distracted        |       |       |     1 |     2 |       ||     3
 Armour: Robe              |    15 |    11 |    36 |       |       ||    62
         Steam dragon scal |       |       |       |    79 |    37 ||   116
         Troll leather arm |       |       |       |       |    20 ||    20
  Dodge: Dodged            |    26 |    43 |   109 |   201 |   107 ||   486
  Block: Other             |     6 |    13 |    30 |    49 |       ||    98
         Kite shield       |       |       |       |    53 |   256 ||   309

Table legend: (Time is in decaauts)
 A = Elapsed time spent in this place.
 B = Non-inter-level travel time spent in this place.
 C = Inter-level travel time spent in this place.
 D = Time resting spent in this place.
 E = Time spent auto-exploring this place.
 F = Levels seen in this place.
 G = Mean time per level.
                   A        B        C        D        E       F      G
               +--------+--------+--------+--------+--------+-----+--------+
         Total |  24984 |  23583 |   1401 |   3221 |  16568 |  20 | 1249.2 |
       Dungeon |  16185 |  15184 |   1001 |   1863 |  10964 |  12 | 1348.8 |
        Temple |    279 |    205 |     74 |      0 |    191 |   1 |  279.0 |
          Lair |   7574 |   7292 |    282 |   1224 |   5021 |   5 | 1514.8 |
  Orcish Mines |    945 |    902 |     43 |    134 |    391 |   2 |  472.5 |
               +--------+--------+--------+--------+--------+-----+--------+

Top non-repeatable levels by time:
     D:7: 3522 daAuts
    D:11: 2349 daAuts
  Lair:1: 1668 daAuts
  Lair:4: 1600 daAuts
  Lair:3: 1526 daAuts
  Lair:2: 1523 daAuts
    D:12: 1312 daAuts
     D:5: 1269 daAuts
  Lair:5: 1255 daAuts
     D:9: 1240 daAuts
     D:6: 1209 daAuts
     D:8: 1010 daAuts
    D:10: 985 daAuts
     D:3: 913 daAuts
     D:1: 905 daAuts
